 Dungeon Crawl Stone Soup version bcrawl-1.33.1b (webtiles) character file.

Game seed: 8930005623808723483

297775 Metae the Protected (level 9, -1/85 HPs)
             Began as a Minotaur Fighter on Aug 30, 2021.
             Was a Follower of Makhleb.
             Succumbed to Harold's poison
             ... on level 8 of the Dungeon.
             The game lasted 00:39:30 (6758 turns).

Metae the Protected (Minotaur Fighter)              Turns: 6758, Time: 00:39:31

Health: -1/85      AC: 16    Str: 24    XL:     9   Next: 71%
Magic:  4/10       EV:  5    Int:  5    God:    Makhleb [*.....]
Gold:   501        SH: 11    Dex: 10    Spells: 8/8 levels left

rFire    . . .     SeeInvis .   r - +2 mace (drain)
rCold    . . .     Gourm    .   c - +0 medium shield
rNeg     . . .     Faith    .   g - +0 chain mail
rPois    .         Spirit   +   t - +1 hat
rElec    .         Reflect  .   (no cloak)
rCorr    .         Harm     .   B - +0 pair of gloves
MR       .....                  (no boots)
Stlth    ..........             d - amulet of guardian spirit
HPRegen  0.24/turn              i - ring of attention (curse)
MPRegen  0.12/turn              x - +2 ring of protection

@: lethally poisoned (-1 -> -19), very slightly contaminated
A: retaliatory headbutt, horns 2
a: Minor Destruction, Renounce Religion


You were on level 8 of the Dungeon.
You worshipped Makhleb.
Makhleb was aware of your devotion.
You were hungry.

You visited 2 branches of the dungeon, and saw 9 of its levels.

You collected 534 gold pieces.
You spent 33 gold pieces at shops.

Inventory:

Hand Weapons
 n - a +0 whip of holy wrath
 q - a +1 morningstar of holy wrath
 r - a +2 mace of draining (weapon)
 C - a +0 arbalest
Missiles
 A - 2 throwing nets {=f}
Armour
 c - a +0 medium shield (worn)
 g - a +0 chain mail (worn)
 t - a +1 hat (worn)
 B - a +0 pair of gloves (worn)
Jewellery
 d - an amulet of guardian spirit (around neck)
 i - a cursed ring of attention (left hand)
 k - an uncursed ring of wizardry
 o - an uncursed ring of stealth
 x - a +2 ring of protection (right hand)
Wands
 b - a wand of polymorph (10)
Scrolls
 h - 5 scrolls of blinking
 l - 2 scrolls of teleportation
 u - 2 scrolls of amnesia
 v - 2 scrolls of fog
 w - a scroll of fear {unknown}
 y - a scroll of enchant armour
Potions
 a - a potion of berserk rage
 f - 2 potions of flight
 m - 3 potions of agility
 p - a potion of resistance
 s - 2 potions of brilliance
Comestibles
 e - 11 rations {!d}


   Skills:
 * Level 9.8 Fighting
 + Level 6.8 Maces & Flails
 * Level 9.9 Armour
 + Level 7.3 Shields
 + Level 3.8 Invocations


You had 8 spell levels left.
You didn't know any spells.
Your spell library contained the following spells:

 Spells                   Type           Power        Failure   Level  Hunger
 Flame Tongue             Conj/Fire      #....        100%        1    None
 Shock                    Conj/Air       #....        100%        1    None
 Flaming Arrows           Chrm/Fire      #.......     100%        2    ####...
 Swiftness                Chrm/Air       #.......     100%        2    ####...
 Conjure Flame            Conj/Fire      #.......     100%        3    #####..
 Inner Flame              Hex/Fire       N/A          100%        3    #####..
 Static Discharge         Air            #.......     100%        3    #####..
 Airstrike                Air            #.........   100%        4    ######.
 Sticky Flame             Conj/Fire      #.......     100%        4    ######.
 Fireball                 Conj/Fire      #.........   100%        5    #######
 Lightning Bolt           Conj/Air       #.........   100%        5    #######


Dungeon Overview and Level Annotations

Branches:
Dungeon (8/12)             Temple (1/1) D:6            Lair (0/6) D:8
    Orc: D:8-11

Altars:
Ashenzari
Cheibriados
Dithmenos
Elyvilon
Fedhas
Gozag
Hepliaklqana
Kikubaaqudgha
Lugonu
Makhleb
Nemelex Xobeh
Okawaru
Qazlal
Ru
Sif Muna
Uskayaw
Xom
Zin
The Shining One

Shops:
D:6 %*

Annotations:
D:8 1 transporter, exclusion: statue, Harold; tronn's ghost, novice GnSA


Innate Abilities, Weirdness & Mutations

You reflexively headbutt those who attack you in melee.
You have a pair of horns on your head.


Message History

* * * LOW HITPOINT WARNING * * *
You feel very sick.
Harold throws a throwing net.
The throwing net hits you.
You become entangled in the net!
You struggle against the net.
* * * LOW HITPOINT WARNING * * *
You feel sick.
You struggle against the net.
* * * LOW HITPOINT WARNING * * *
You feel sick. Harold barely misses you.
Okay, then.
Blink to where?
Press: ? - help, Dir - move target cursor You are very lightly contaminated with residual magic.
As you read the scroll of blinking, it crumbles to dust.
Your surroundings suddenly seem different.
* * * LOW HITPOINT WARNING * * *
You feel sick.
The ogre shouts!
You hear a shout! x2
You die...

###.).#..##..#..## #
###.#.#..#.#...## #
##.#....WO#....### #
#..########......# #
#................# ##. #
#................# ##...
#
#................##.....
#
#.....................#
#............@......#
#...........<......##
###..............###
####..........##
####.......# ####...##
###.# ##.# ###..#


You could see an ogre.

Vanquished Creatures
  An elephant (D:8)
  2 trolls
  3 hippogriffs (D:7)
  A crocodile (D:7)
  An orc warrior (D:8)
  A sky beast (D:8)
  An ogre (D:4)
  A centaur (D:5)
  4 bullfrogs
  2 big kobolds (D:7)
  A wyvern skeleton (D:8)
  A scorpion (D:6)
  3 killer bees (D:8)
  3 howler monkeys (D:7)
  A bullfrog zombie (D:5)
  4 crimson imps
  2 hounds
  A bullfrog skeleton (D:8)
  2 orc priests
  An orc wizard (D:3)
  2 iguanas
  5 worker ants
  A hound skeleton (D:4)
  A mummy (D:8)
  2 worker ant zombies
  A gnoll (D:5)
  A howler monkey skeleton (D:4)
  10 adders
  2 shadow imps (D:7)
  An ooze (D:5)
  An adder skeleton (D:8)
  5 worms
  4 dart slugs
  2 leopard geckos (D:2)
  15 orcs
  4 giant cockroaches
  4 goblins
  5 hobgoblins
  2 jackals (D:3)
  19 kobolds
  4 quokkas
  2 bats (D:1)
  A frilled lizard (D:1)
  A goblin skeleton (D:7)
  2 goblin zombies (D:7)
  2 hobgoblin zombies (D:7)
  A kobold zombie (D:7)
  A quokka skeleton (D:5)
  5 rats
142 creatures vanquished.

Notes
Turn   | Place    | Note
-------+----------+-------------------------------------------
     0 | D:1      | Metae the Minotaur Fighter began the quest for the Orb.
     0 | D:1      | Reached XP level 1. HP: 19/19 MP: 0/0
   214 | D:1      | Reached XP level 2. HP: 26/27 MP: 1/1
   752 | D:2      | Reached XP level 3. HP: 9/33 MP: 2/2
  1390 | D:2      | Found a stormy altar of Qazlal.
  1414 | D:2      | Found a shimmering altar of Xom.
  1777 | D:2      | Found an opulent altar of Gozag.
  2043 | D:3      | Found a corrupted altar of Lugonu.
  2074 | D:3      | Reached XP level 4. HP: 41/41 MP: 3/3
  2154 | D:3      | Found a faded altar of an unknown god.
  2355 | D:3      | Reached skill level 5 in Armour
  2494 | D:3      | Reached skill level 5 in Fighting
  2496 | D:3      | Reached XP level 5. HP: 45/48 MP: 4/4
  2708 | D:4      | Found a blossoming altar of Fedhas.
  2798 | D:4      | Reached XP level 6. HP: 39/56 MP: 5/5
  3076 | D:4      | Found a shattered altar of Ashenzari.
  3302 | D:5      | Entered Level 5 of the Dungeon
  3377 | D:5      | Reached skill level 5 in Shields
  3377 | D:5      | Reached XP level 7. HP: 61/63 MP: 6/6
  3508 | D:5      | Found a sacrificial altar of Ru.
  4109 | D:6      | Found Ceoz's Food Shoppe.
  4179 | D:6      | Found a staircase to the Ecumenical Temple.
  4190 | Temple   | Entered the Ecumenical Temple
  4294 | Temple   | Became a worshipper of Makhleb the Destroyer
  4362 | D:6      | Found Qafrauq's General Store.
  4469 | D:6      | Found a sparkling altar of Nemelex Xobeh.
  4645 | D:6      | Found an iron altar of Okawaru.
  5075 | D:6      | Bought a scroll of remove curse for 33 gold pieces
  5111 | D:7      | Noticed a hippogriff
  5119 | D:7      | Killed a hippogriff
  5124 | D:7      | Reached skill level 5 in Maces & Flails
  5124 | D:7      | Reached XP level 8. HP: 55/73 MP: 5/7
  5125 | D:7      | Reached skill level 1 in Invocations
  5475 | D:7      | Found a glowing golden altar of the Shining One.
  5490 | D:7      | Reached * piety under Makhleb
  5628 | D:7      | Noticed a hippogriff
  5635 | D:7      | Killed a hippogriff
  5713 | D:7      | Noticed a hippogriff
  5740 | D:7      | Killed a hippogriff
  5741 | D:7      | Reached XP level 9. HP: 52/82 MP: 9/9
  5945 | D:7      | Noticed a troll
  5955 | D:7      | Killed a troll
  5972 | D:7      | Found a shimmering blue altar of Sif Muna.
  6098 | D:8      | Found a snail-covered altar of Cheibriados.
  6125 | D:8      | Found a staircase to the Lair.
  6128 | D:8      | Noticed an elephant
  6147 | D:8      | Killed an elephant
  6290 | D:8      | Found a transporter.
  6290 | D:8      | Noticed tronn's ghost (novice GnSA)
  6291 | D:8      | Identified the +6 great mace "Ogrebane" {crush, Dex+2
                  | Stlth+}
  6731 | D:8      | Noticed a troll
  6731 | D:8      | Noticed Harold
  6751 | D:8      | Killed a troll
  6755 | D:8      | HP: 4/85 [poisoned by Harold]
  6757 | D:8      | HP: 1/85 [poisoned by Harold]
  6758 | D:8      | Succumbed to Harold's poison

Skill      XL: |  1  2  3  4  5  6  7  8  9 |
---------------+----------------------------+-----
Fighting       | 4 5 6 7 8 9 |  9.8
Armour         | 4 5 6 7 8 9 |  9.9
Maces & Flails | 3 4 5 6 |  6.8
Shields        | 4 5 6 7 |  7.3
Invocations    | 2 3 |  3.8

Action                   |  1- 3 |  4- 6 |  7- 9 || total
-------------------------+-------+-------+-------++-------
Melee: Flail             |    72 |       |       ||    72
       Headbutt          |    13 |    17 |    49 ||    79
       Mace              |    36 |   124 |   247 ||   407
Invok: Minor Destruction |       |       |     1 ||     1
  Use: Potion            |     4 |     1 |     4 ||     9
       Scroll            |     3 |     3 |     7 ||    13
  Eat: Chunk             |     6 |     6 |     4 ||    16
       Ration            |     1 |       |     4 ||     5
Armor: Scale mail        |    22 |       |       ||    22
       Chain mail        |    28 |   102 |   253 ||   383
       Skin              |       |       |     5 ||     5
Dodge: Dodged            |     6 |     3 |    64 ||    73
Block: Medium shield     |    51 |    58 |   228 ||   337
